 Dungeon Crawl Stone Soup version 0.18-a0-116-g2d311b1 (webtiles) character file.

20428 ReteAZ the Brawler (level 12, -4/114 HPs)
             Began as a Troll Warper on Nov 17, 2015.
             Was a High Priest of Cheibriados.
             Slain by an eight-headed hydra (15 damage)
             ... on level 2 of the Lair of Beasts.
             The game lasted 00:30:41 (11459 turns).

ReteAZ the Brawler (Troll Warper)                  Turns: 11459, Time: 00:30:41

Health: -4/114     AC:  7    Str: 36    XL:     12   Next: 45%
Magic:  15/15      EV: 23    Int: 23    God:    Cheibriados [*****.]
Gold:   730        SH:  0    Dex: 33    Spells: 2 memorised, 10 levels left

rFire  . . .     SeeInvis .       - Unarmed
rCold  . . .     Clarity  .     a - +1 robe
rNeg   . . .     SustAt   .     (no shield)
rPois  .         Gourm    +     s - +0 hat
rElec  .         Spirit   .     N - +0 cloak
rCorr  .         Warding  .     (gloves unavailable)
rMut   .         Stasis   .     (boots unavailable)
MR     .....                    (no amulet)
Stlth  +++.......               M - +5 ring of evasion
                                m - +6 ring of dexterity

@: about to teleport, very slow, not resistant to hostile enchantments, fairly
stealthy
A: unfitting armour, claws 3, fast metabolism 3, gourmand, regeneration 2,
shaggy fur 1, tough skin 2
a: Bend Time, Temporal Distortion, Slouch, Step From Time, Renounce Religion


You were on level 2 of the Lair of Beasts.
You worshipped Cheibriados.
Cheibriados was extremely pleased with you.
You were very full.

You visited 3 branches of the dungeon, and saw 14 of its levels.

You collected 730 gold pieces.

Inventory:

Missiles
 d - 2 tomahawks of dispersal
 p - 6 tomahawks (quivered)
 J - a javelin
Armour
 a - a +1 robe (worn)
 s - a +0 hat (worn)
 N - a +0 cloak (worn)
 R - a steam dragon hide
Jewellery
 j - a +4 ring of intelligence {unknown}
 m - a +6 ring of dexterity (left claw)
 C - an uncursed ring of fire
 M - a +5 ring of evasion (right claw)
 V - an uncursed ring of magical power {unknown}
Wands
 y - a wand of disintegration (1)
 A - a wand of fire (0)
 D - a wand of digging (14)
 H - a wand of confusion (2)
 O - a wand of slowing (28)
 U - a wand of teleportation (8)
Scrolls
 c - 2 scrolls of blinking
 e - 11 scrolls of remove curse
 r - 2 scrolls of fog
 v - 5 scrolls of amnesia
 B - 3 scrolls of magic mapping
 S - 2 scrolls of enchant weapon
 W - a scroll of recharging
 Y - a scroll of identify
Potions
 f - 3 potions of curing
 h - 3 potions of invisibility
 i - 2 potions of heal wounds
 k - a potion of flight {unknown}
 l - 3 potions of cure mutation
 o - 2 potions of lignification
 q - a potion of poison {unknown}
 t - a potion of resistance {unknown}
 F - a potion of brilliance
 I - a potion of mutation {unknown}
 K - a potion of cancellation {unknown}
 L - 2 potions of might {unknown}
 P - 2 potions of agility
Books
 b - a book of Spatial Translocations

   Spells                             Type                      Level
   a - Apportation                    Translocation                1
   b - Blink                          Translocation                2
   c - Shroud of Golubria             Charms/Translocation         2
   d - Portal Projectile              Translocation                3
   e - Teleport Other                 Translocation                3
   f - Passage of Golubria            Translocation                4
 x - a book of the Warp

   Spells                             Type                      Level
   a - Recall                         Summoning/Translocation      3
   b - Gell's Gravitas                Hexes/Translocation          3
   c - Force Lance                    Conjuration/Translocation    4
   d - Phase Shift                    Translocation                5
   e - Warp Weapon                    Charms/Translocation         5
   f - Summon Forest                  Summoning/Translocation      5
 Q - a book of Ice

   Spells                             Type                      Level
   a - Ice Form                       Ice/Transmutation            4
   b - Metabolic Englaciation         Hexes/Ice                    5
   c - Ozocubu's Refrigeration        Ice                          6
   d - Bolt of Cold                   Conjuration/Ice              6
   e - Freezing Cloud                 Conjuration/Ice/Air          6
   f - Simulacrum                     Ice/Necromancy               6
 X - a book of Flames

   Spells                             Type                      Level
   a - Flame Tongue                   Conjuration/Fire             1
   b - Throw Flame                    Conjuration/Fire             2
   c - Conjure Flame                  Conjuration/Fire             3
   d - Inner Flame                    Hexes/Fire                   3
   e - Sticky Flame                   Conjuration/Fire             4
   f - Fireball                       Conjuration/Fire             5
Comestibles
 g - 6 meat rations {@e2}
 u - 18 royal jellies
 w - 7 bread rations {@e1}
 E - 2 beef jerkies
 G - 9 slices of pizza
 T - 7 fruits


   Skills:
 - Level 6.1 Fighting
 - Level 0.8 Throwing
 - Level 7.0 Dodging
 + Level 15.6 Unarmed Combat
 - Level 1.2 Spellcasting
 - Level 4.0 Translocations
 + Level 5.3 Invocations


You had 10 spell levels left.
You knew the following spells:

 Your Spells              Type           Power        Failure   Level  Hunger
a - Apportation           Tloc           ###.......   2%          1    ##.....
b - Blink                 Tloc           N/A          4%          2    ###....


Dungeon Overview and Level Annotations

Branches:
Dungeon (10/15)            Temple (1/1) D:5            Lair (3/8) D:9
  Swamp: Lair:3-6    Shoals: Lair:3-6     Snake: Lair:3-6    Spider: Lair:3-6
    Orc: D:9-12

Altars:
Ashenzari
Cheibriados
Dithmenos
Elyvilon
Fedhas
Gozag
Kikubaaqudgha
Makhleb
Nemelex Xobeh
Okawaru
Qazlal
Ru
Trog
Vehumet
Xom
Yredelemnul
Zin
The Shining One


Innate Abilities, Weirdness & Mutations

You are too large for most types of armour.
You have claws for hands.
Your metabolism is lightning-fast.
You like to eat raw meat.
You heal very quickly.
You are covered in fur (AC +1).
You have very tough skin (AC +2).


Message History

* * * LOW HITPOINT WARNING * * *
The eight-headed hydra closely misses you.
Evoke which item? (* to show all) (? for menu, Esc to quit)
Zapping:
U - a wand of teleportation (9)
Press: ? - help, Shift-Dir - straight line, f - you You feel strangely unstable.
This wand has 8 charges left.
The eight-headed hydra misses you.
The eight-headed hydra barely misses you.
The eight-headed hydra closely misses you.
The eight-headed hydra bites you!
* * * LOW HITPOINT WARNING * * *
The eight-headed hydra closely misses you.
The eight-headed hydra completely misses you.
The eight-headed hydra misses you. x2
The eight-headed hydra barely misses you.
The eight-headed hydra completely misses you.
The eight-headed hydra misses you. The eight-headed hydra bites you!
* * * LOW HITPOINT WARNING * * *
The eight-headed hydra bites you!
You die...

#.........................
#...D....[...........#....
#........#.....P###...#.P#
##.........D...............
#..........................
########........####..........#..
P#P...#..........###....###....#.
..................###.###........
................@.###.P##........
.................D#..............
...............................#.
....................P..........P.
..................##....#........
...P......#.......#.##..........#
..##......#.....................P
.........#......................P
##P##.##........................#


You could see an eight-headed hydra and a six-headed hydra (fleeing).

Vanquished Creatures
  Gastronok (D:9)
  3 hydras (Lair:2)
  The ghost of Proton the Skirmisher, a novice NaFi of Cheibriados (D:9)
  A death yak (D:9)
  2 hill giants (D:10)
  Joseph (Lair:1)
  The ghost of ReteAZ the Grappler, a novice TrWr (D:6)
  A fire drake (Lair:2)
  3 komodo dragons (Lair:1)
  A queen bee (Lair:1)
  5 blink frogs
  A spriggan (D:9)
  Sigmund (D:5)
  A deep elf mage (D:10)
  A wyvern (D:8)
  23 yaks
  A hippogriff (Lair:1)
  6 wolves (Lair:1)
  Menkaure (D:5)
  A steam dragon (D:10)
  Edmund (D:4)
  4 water moccasins
  2 porcupines
  Purgy (D:3)
  2 ice beasts (D:8)
  2 black bears
  7 ogres
  2 orc warriors
  6 crocodiles
  An eye of draining (D:8)
  A phantom (D:4)
  A necrophage (D:9)
  A wasp (D:9)
  3 centaurs
  13 giant frogs
  6 scorpions
  29 killer bees
  9 crimson imps
  2 hounds
  Crazy Yiuf (D:3)
  A giant frog skeleton (D:5)
  A centaur skeleton (D:6)
  11 worker ants
  Terence (D:2)
  4 orc wizards
  4 iguanas
  A hound skeleton (D:5)
  14 adders
  5 gnolls
  9 river rats (Lair:2)
  3 shadow imps
  An ooze (D:4)
  2 adder skeletons (D:5)
  An adder zombie (D:5)
  3 worms (D:3)
  4 giant geckos
  27 orcs
  3 ball pythons
  10 bats
  A bat zombie (D:4)
  4 giant cockroaches
  3 goblins
  4 hobgoblins
  9 jackals
  A giant cockroach zombie (D:6)
  A giant gecko zombie (D:5)
  2 giant newts
  2 kobolds (D:1)
  4 quokkas
  A quokka skeleton (D:5)
  11 rats
  A fungus (Lair:2)
299 creatures vanquished.

Vanquished Creatures (others)
  5 orcs (D:5)
  A fungus (Lair:2)
6 creatures vanquished.

Grand Total: 305 creatures vanquished

Notes
Turn   | Place    | Note
--------------------------------------------------------------
     0 | D:1      | ReteAZ the Troll Warper began the quest for the Orb.
     0 | D:1      | Reached XP level 1. HP: 19/19 MP: 1/1
   285 | D:1      | Reached XP level 2. HP: 27/27 MP: 2/2
   530 | D:1      | Reached skill level 3 in Unarmed Combat
   693 | D:3      | Found a faded altar to an unknown god.
   698 | D:3      | Reached XP level 3. HP: 33/33 MP: 3/3
   833 | D:4      | Noticed a scorpion
   840 | D:4      | Killed a scorpion
   840 | D:4      | Reached skill level 4 in Unarmed Combat
   840 | D:4      | Reached XP level 4. HP: 32/41 MP: 4/4
   959 | D:4      | Reached skill level 5 in Unarmed Combat
  1054 | D:4      | Reached XP level 5. HP: 48/48 MP: 5/5
  1272 | D:4      | Noticed a phantom
  1283 | D:4      | Killed a phantom
  1283 | D:4      | Reached skill level 6 in Unarmed Combat
  1403 | D:4      | Noticed an ogre
  1422 | D:5      | Entered Level 5 of the Dungeon
  1505 | D:5      | Reached XP level 6. HP: 55/55 MP: 6/6
  1526 | D:5      | Learned a level 2 spell: Blink
  1564 | D:5      | Reached skill level 7 in Unarmed Combat
  1569 | D:5      | Noticed Menkaure
  1684 | D:4      | Noticed Edmund
  1701 | D:4      | Killed Edmund
  1701 | D:4      | Reached skill level 8 in Unarmed Combat
  1701 | D:4      | Reached XP level 7. HP: 32/62 MP: 7/7
  1944 | D:4      | Found an ancient bone altar of Kikubaaqudgha.
  2264 | D:5      | Found a glowing golden altar of the Shining One.
  2360 | D:5      | Found a basalt altar of Yredelemnul.
  2633 | D:5      | Noticed Sigmund
  2647 | D:5      | Killed Sigmund
  2647 | D:5      | Reached skill level 9 in Unarmed Combat
  2677 | D:5      | Killed Menkaure
  2677 | D:5      | Reached XP level 8. HP: 7/70 MP: 8/8
  2798 | D:5      | Found a sparkling altar of Nemelex Xobeh.
  2960 | D:5      | Found a staircase to the Ecumenical Temple.
  2969 | Temple   | Entered the Ecumenical Temple
  3268 | D:6      | Reached skill level 10 in Unarmed Combat
  3385 | D:6      | Noticed ReteAZ's ghost (novice TrWr)
  3442 | D:6      | Killed ReteAZ's ghost
  3811 | D:6      | Found a bloodstained altar of Trog.
  3928 | D:6      | Found a glowing golden altar of the Shining One.
  4074 | D:7      | Found a shadowy altar of Dithmenos.
  4206 | D:7      | Reached XP level 9. HP: 27/76 MP: 9/9
  4497 | D:7      | Found a snail-covered altar of Cheibriados.
  4510 | D:7      | Became a worshipper of Cheibriados the Contemplative
  5156 | D:7      | Found a stormy altar of Qazlal.
  5468 | D:2      | Reached * piety under Cheibriados
  5531 | D:2      | Noticed Terence
  5538 | D:2      | Killed Terence
  5538 | D:2      | Reached skill level 11 in Unarmed Combat
  5559 | D:2      | Found a white marble altar of Elyvilon.
  5559 | D:2      | Found a radiant altar of Vehumet.
  6279 | D:3      | Noticed Crazy Yiuf
  6286 | D:3      | Killed Crazy Yiuf
  6572 | D:3      | Found a shimmering altar of Xom.
  6675 | D:3      | Noticed Purgy
  6678 | D:3      | Killed Purgy
  6692 | D:3      | Reached ** piety under Cheibriados
  6863 | D:8      | Found a blossoming altar of Fedhas.
  7097 | D:8      | Reached skill level 5 in Dodging
  7203 | D:8      | Found an opulent altar of Gozag.
  7629 | D:9      | Reached XP level 10. HP: 53/91 MP: 10/10
  7714 | D:9      | Reached *** piety under Cheibriados
  8122 | D:9      | Found a staircase to the Lair.
  8123 | D:9      | Noticed a death yak
  8181 | D:9      | Killed a death yak
  8181 | D:9      | Reached skill level 12 in Unarmed Combat
  8279 | D:9      | Reached skill level 5 in Fighting
  8440 | D:9      | Noticed Proton's ghost (novice NaFi)
  8442 | D:9      | Reached **** piety under Cheibriados
  8482 | D:9      | Killed Proton's ghost
  8777 | D:10     | Entered Level 10 of the Dungeon
  8920 | D:10     | Noticed a hill giant
  8934 | D:10     | Killed a hill giant
  8934 | D:10     | Reached XP level 11. HP: 103/105 MP: 11/11
  9212 | D:10     | Noticed a hill giant
  9220 | D:10     | Killed a hill giant
  9477 | Lair:1   | Entered Level 1 of the Lair of Beasts
  9491 | Lair:1   | Noticed Gastronok
  9520 | D:9      | Killed Gastronok
  9520 | D:9      | Reached skill level 13 in Unarmed Combat
  9665 | Lair:1   | Reached ***** piety under Cheibriados
  9743 | Lair:1   | Reached skill level 14 in Unarmed Combat
  9949 | Lair:1   | Noticed Joseph
  9960 | Lair:1   | Killed Joseph
 10048 | Lair:1   | Reached skill level 1 in Invocations
 10144 | Lair:1   | Reached XP level 12. HP: 109/114 MP: 12/12
 10350 | Lair:1   | Reached skill level 15 in Unarmed Combat
 10375 | Lair:1   | Reached ****** piety under Cheibriados
 10575 | Lair:2   | Noticed an eight-headed hydra
 10600 | Lair:2   | Killed an eight-headed hydra
 10760 | Lair:2   | Noticed a four-headed hydra
 10770 | Lair:2   | Killed a six-headed hydra
 10867 | Lair:2   | Noticed a four-headed hydra
 10876 | Lair:2   | Killed a seven-headed hydra
 10876 | Lair:2   | Reached skill level 5 in Invocations
 11016 | Lair:2   | Found a glowing silver altar of Zin.
 11303 | Lair:2   | Noticed a six-headed hydra
 11445 | Lair:3   | Noticed an eight-headed hydra
 11459 | Lair:2   | Slain by an eight-headed hydra

Vault maps used:
D:1:      erik_arrival_cave_to_civilisation, hex_medium
D:2:      gammafunk_temple_overflow_statue, uniq_terence
D:3:      xom_teletrap_fun, ecumenical_altar_1, uniq_crazy_yiuf_cottage,
          uniq_purgy
D:4:      lemuel_zombie_altar_kikubaaqudgha, first_bread, serial_glass,
          glass_columns_a, glass_columns_a, uniq_edmund
D:5:      nicolae_overflow_hidden_temple, lemuel_temple_firewalk_marked,
          basic_altar, nicolae_sextant, hangedman_decor_peaks_small,
          uniq_menkaure, uniq_sigmund
D:6:      lightli_temple_of_fire, basic_altar, serial_glass, glass_columns_b,
          glass_columns_b, glass_columns_a, glass_columns_c, glass_columns_a,
          glass_columns_b, serial_bayou_crossing
D:7:      kennysheep_little_box, lemuel_coloured_pillars_altar,
          nicolae_dithmenos_shadow_blocks
D:8:      nicolae_overflow_crystal_walls, lemuel_doored_altar
D:9:      dpeg_lair_monsters, serial_co_window_serial, co_window_paths_a,
          co_window_cross_1, co_window_paths_a, co_window_of_opportunity_a,
          co_window_paths_b, co_window_corner_ca, co_window_broadway_c,
          co_window_of_opportunity_c, co_window_4corner_a, co_window_paths_d,
          grunt_pizzeria
Temple:   hc_temple_tempest_star_small
Lair:1:   grunt_megastairs_4, uniq_joseph, uniq_gastronok
Lair:2:   basic_altar

Action                   |  1- 3 |  4- 6 |  7- 9 | 10-12 || total
-------------------------+-------+-------+-------+-------++-------
Melee: Unarmed           |    49 |    86 |   346 |   379 ||   860
Throw: Tomahawk          |       |       |     1 |    20 ||    21
       Javelin           |       |       |       |     4 ||     4
 Cast: Blink             |       |       |       |     1 ||     1
Invok: Slouch            |       |       |       |     3 ||     3
Evoke: Wand              |       |       |       |    16 ||    16
  Use: Potion            |       |     2 |       |       ||     2
       Scroll            |       |       |    21 |     5 ||    26
 Stab: Sleeping          |       |       |     6 |     6 ||    12
  Eat: Chunk             |    13 |     6 |    50 |    24 ||    93
